Map: Dusk Towers

Players

MaulluaM

  • Race: Zerg Zerg
  • League: Master

infL - Winner!

  • Race: Terran Terran
  • League: Diamond

VOD

Have the link to the VOD?

Description

Reaper FE build into a 2 base Stim timing, with followup push

Time

  • Played on: Feb. 28, 2016, 8:24 p.m.
  • Length: 10:04
Show
View Real Time Build Order
Export as new Build Order

MaulluaM Zerg 

Build Orders: Hatch First 

Get SALT Encoding   

  12  0:01  Drone  
  13  0:12  Overlord  
  13  0:18  Drone  
  14  0:31  Drone x2  
  14  0:34  Drone  
  17  0:52  Hatchery  
  17  0:54  Drone  
  17  0:58  Drone  
  18  1:08  Extractor  
  17  1:14  Spawning Pool  
  17  1:16  Drone  
  17  1:19  Drone  
  18  1:28  Drone  
  19  1:40  Overlord  
  19  1:49  Drone  
  20  2:01  Queen  
  20  2:02  Zergling x2  
  20  2:03  Queen  
  20  2:04  Zergling x2  
  26  2:15  Drone x2  
  28  2:24  Metabolic Boost  
  28  2:35  Hatchery  
  27  2:45  Drone x2  
  27  2:49  Drone x3  
  32  2:53  Overlord  
  32  3:05  Drone x2  
  34  3:08  Roach Warren  
  33  3:14  Queen  
  33  3:18  Drone x2  
  37  3:22  Overlord  
  37  3:25  Drone  
  38  3:32  Drone x2  
  38  3:33  Drone x2  
  42  3:43  Zergling x6  
  42  3:44  Zergling x2  
  46  3:49  Overlord  
  46  3:54  Drone  
  46  3:55  Drone x5  
  52  4:00  Queen  
  54  4:07  Overlord  
  54  4:14  Drone x3  
  57  4:21  Lair  
  57  4:23  Drone x4  
  60  4:36  Roach x2, Extractor  
  63  4:44  Drone x4  
  67  4:47  Extractor  
  67  4:48  Roach, Extractor  
  67  4:58  Zergling x10  
  72  5:00  Overlord  
  72  5:08  Drone  
  72  5:15  Evolution Chamber  
  72  5:16  Evolution Chamber  
  72  5:19  Hatchery  
  72  5:21  Glial Reconstitution  
  69  5:22  Drone x4  
  69  5:23  Drone x3  
  76  5:34  Drone x6  
  82  5:36  Overlord  
  82  5:39  Roach  
  82  5:42  Overlord  
  81  5:46  Extractor x2  
  81  5:48  Zergling x2  
  81  5:49  Zergling x4  
  82  5:54  Zergling x12  
  83  6:02  Roach x5  
  83  6:04  Queen x2  
  85  6:15  Zergling x10  
  85  6:16  Zergling x6  
  73  6:24  Roach x2  
  66  6:29  Roach x2  
  68  6:37  Queen  
  68  6:38  Roach x2  
  68  6:39  Roach x2  
  80  6:40  Roach  
  80  6:50  Zergling x6  
  79  7:00  Ravager x4  
  82  7:03  Drone x4  
  86  7:10  Hatchery  
  85  7:15  Drone x2  
  85  7:16  Drone  
  85  7:20  Overlord  
  88  7:23  Queen  
  90  7:30  Drone x5  
  90  7:31  Drone  
  90  7:35  Overseer  
  96  7:47  Drone x4  
  96  7:48  Drone x5  
  105  7:56  Hydralisk Den  
  105  7:58  Overlord x2, Evolution Chamber x2  
  100  8:16  Overlord  
  100  8:17  Extractor  
  99  8:20  Roach x6  
  99  8:21  Roach x2, Extractor  
  99  8:24  Overlord  
  99  8:25  Overlord  
  114  8:37  Drone x6  
  114  8:40  Muscular Augments  
  120  8:48  Zergling x14  
  125  8:49  Zergling x2  
  125  8:52  Overlord  
  128  9:00  Hydralisk  
  128  9:01  Hydralisk x4  
  138  9:03  Roach x3  
  134  9:14  Roach x6  
  134  9:15  Roach x2  
  124  9:20  Roach x3  
  124  9:30  Zergling x12  
  119  9:36  Overlord  
  119  9:37  Overlord  
Show
View Real Time Build Order
Export as new Build Order

infL Terran - Winner!

Build Orders: MMM Bio 

Get SALT Encoding   

  12  0:01  SCV  
  13  0:13  SCV  
  14  0:17  Supply Depot  
  14  0:25  SCV  
  15  0:39  SCV  
  15  0:40  Barracks  
  16  0:44  Refinery  
  16  0:51  SCV  
  17  1:03  SCV  
  18  1:15  SCV  
  19  1:28  Barracks Reactor  
  19  1:29  Orbital Command  
  19  1:46  Command Center  
  19  1:56  SCV  
  19  1:59  Supply Depot  
  20  2:04  Marine x2  
  20  2:08  SCV  
  23  2:20  SCV  
  23  2:21  Marine  
  23  2:22  Marine  
  26  2:28  Barracks  
  26  2:32  Barracks  
  26  2:38  SCV  
  26  2:39  Marine  
  26  2:40  Marine  
  29  2:50  SCV  
  30  2:57  Marine  
  30  2:58  Marine  
  32  3:03  SCV  
  32  3:04  Orbital Command  
  33  3:15  Marine x2  
  33  3:16  Barracks Tech Lab, SCV  
  33  3:19  Barracks Tech Lab  
  36  3:23  Supply Depot  
  36  3:28  SCV  
  36  3:30  SCV  
  38  3:40  SCV  
  39  3:42  Combat Shields, SCV  
  39  3:43  Stimpack  
  39  3:44  Marauder x2  
  39  3:48  Supply Depot  
  44  3:49  Marine  
  44  3:51  Marine  
  44  3:53  SCV  
  47  4:03  SCV  
  47  4:05  Marauder, SCV  
  47  4:07  Marine  
  47  4:08  Marauder  
  47  4:09  Marine  
  55  4:14  Supply Depot  
  55  4:15  SCV  
  56  4:18  SCV  
  57  4:25  Marine  
  57  4:26  Marauder  
  57  4:27  SCV, Marine  
  62  4:35  SCV  
  62  4:36  Marauder  
  65  4:39  SCV  
  65  4:42  Supply Depot  
  65  4:43  Marine  
  65  4:45  Marine  
  68  4:47  SCV  
  68  4:51  SCV  
  70  4:57  Command Center  
  70  5:03  Marine  
  70  5:04  Supply Depot, Marauder  
  73  5:11  Refinery  
  73  5:12  Refinery x2  
  73  5:16  Marine x2  
  73  5:17  Factory  
  75  5:21  Marine  
  75  5:23  SCV  
  75  5:26  Marine  
  75  5:28  Concussive Shells  
  78  5:34  Engineering Bay  
  78  5:35  Engineering Bay  
  78  5:38  Supply Depot  
  78  5:42  Marine  
  78  5:43  Marine  
  78  5:44  SCV x2  
  78  5:49  Marine  
  85  5:50  Marauder  
  85  5:56  SCV  
  86  5:57  SCV  
  86  6:00  Marine  
  87  6:07  Marine  
  87  6:08  Marauder  
  92  6:11  Marauder  
  92  6:15  SCV  
  92  6:18  Orbital Command, Barracks, Marine  
  88  6:19  Terran Infantry Weapons Level 1  
  88  6:24  Terran Infantry Armor Level 1  
  85  6:31  Marauder, Marine  
  88  6:34  Starport  
  88  6:39  Factory Reactor  
  88  6:41  Marauder  
  88  6:43  SCV  
  89  6:50  Marine x2  
  89  6:53  Marauder  
  75  7:01  Marine  
  75  7:02  Barracks  
  75  7:05  SCV x2  
  78  7:09  Armory, Marine  
  79  7:16  Armory  
  79  7:17  SCV  
  79  7:21  Marauder x2, Marine  
  85  7:28  Marine  
  86  7:34  Medivac  
  86  7:35  Medivac  
  90  7:39  Marine  
  90  7:43  Marauder x2  
  95  7:46  Marine  
  96  7:57  Barracks Tech Lab, Barracks Reactor  
  96  7:59  Orbital Command  
  96  8:04  Marauder  
  98  8:06  Supply Depot, Marine  
  98  8:07  Supply Depot, Marauder, Marine  
  98  8:10  SCV x2  
  104  8:17  Medivac, Marauder  
  108  8:24  Marine  
  109  8:27  Medivac, Marine  
  109  8:28  Marauder, Marine  
  115  8:34  Marine  
  115  8:38  Marauder, Marine  
  119  8:42  Marine  
  119  8:45  Marine  
  119  8:46  Marauder  
  123  8:49  Marauder  
  123  8:54  Supply Depot  
  125  8:56  Supply Depot  
  125  9:06  Marine  
  125  9:08  Marine  
  125  9:09  Marine  
  125  9:10  Marauder, Marine  
  125  9:12  Marine  
  125  9:13  Marauder  
  122  9:24  Marine  
  116  9:26  Marine  
  116  9:27  Marine  
  116  9:28  Marine  
  116  9:30  Marauder  
  119  9:31  Medivac, Marine  
  119  9:32  Medivac  
  119  9:34  Marauder  
  119  9:36  Barracks  
  119  9:37  Barracks x2  
  126  9:41  Marine  
  126  9:44  Marine  
  126  9:45  Marine  
  112  9:46  Marine  
Tags
 
Composition
MMM Bio
Matchup
TvZ
Add a new tag
Caveats
  • Supply blocks, unpowered buildings, or Contaminate may cause inaccurate times.
  • Supply counts are checked every 10 seconds.